 Dungeon Crawl Stone Soup version 0.13-a0-2261-g830e84e (webtiles) character file.

261 DaftWullie the Cutter (level 5, -1/33 HPs)
             Began as a Kobold Berserker on July 6, 2013.
             Was a Believer of Trog.
             Killed from afar by Sigmund (6 damage)
             ... with a puff of flame
             ... on Level 3 of the Dungeon.
             The game lasted 00:25:21 (1850 turns).

DaftWullie the Cutter (Kobold Berserker)            Turns: 1850, Time: 00:25:21

HP  -1/33        AC  3     Str 16      XL: 5   Next: 16%
MP   4/4         EV 16     Int  7      God: Trog [**....]
Gold 149         SH  0     Dex 16      Spells:  0 memorised,  4 levels left

Res.Fire  : . . .   See Invis. : .   g - +1,+0 dagger (venom)
Res.Cold  : . . .   Warding    : .   b - +0 animal skin
Life Prot.: . . .   Conserve   : .   (no shield)
Res.Poison: .       Res.Corr.  : .   (no helmet)
Res.Elec. : .       Clarity    : .   (no cloak)
Sust.Abil.: . .     Spirit.Shd : .   (no gloves)
Res.Mut.  : .       Stasis     : .   n - +0 pair of boots (curse)
Res.Rott. : .       Flight     : .   (no amulet)
Saprovore : + + .                    w - +2 ring of intelligence
                                     f - cursed ring of hunger

@: confused, slightly resistant to hostile enchantments, very unstealthy
A: disease resistance, carnivore 3, saprovore 2
a: Burn Spellbooks, Berserk, Trog's Hand, Renounce Religion


You were on level 3 of the Dungeon.
You worshipped Trog.
Trog was most pleased with you.
You were completely stuffed.

You visited 1 branch of the dungeon, and saw 3 of its levels.

You collected 129 gold pieces.

Inventory:

Hand weapons
 a - a +0,+0 short sword
 g - a +1,+0 dagger of venom (weapon)
 q - a +0,+0 dagger (quivered)
 t - a +0,+0 elven dagger
 y - a +1,+2 dagger of venom
Missiles
 h - a silver dart
 p - 30 darts
Armour
 b - a +0 animal skin (worn)
 n - a cursed +0 pair of boots (worn)
Comestibles
 c - 2 meat rations
 A - a chunk of jackal flesh
Scrolls
 e - a scroll of remove curse {unknown}
 i - 3 scrolls of recharging {unknown}
 k - a scroll of blinking {unknown}
 o - 2 scrolls of identify {unknown}
 r - a scroll of random uselessness {unknown}
 x - a scroll of enchant armour {unknown}
Jewellery
 f - a cursed ring of hunger (left hand)
 w - a +2 ring of intelligence (right hand)
Potions
 d - 2 potions of heal wounds {unknown}
 j - 2 potions of degeneration {unknown}
 l - a potion of agility {unknown}
 m - a potion of invisibility {unknown}
 u - a potion of blood {unknown}
 v - a potion of resistance {unknown}
 z - a potion of slowing {unknown}
Carrion
 s - a goblin skeleton


   Skills:
 + Level 4.0 Fighting
 * Level 5.4 Short Blades
 - Level 0.3 Throwing
 - Level 1.5 Armour
 + Level 3.9 Dodging
 + Level 0.8 Traps


You had 4 spell levels left.
You didn't know any spells.

Dungeon Overview and Level Annotations

Branches:
Dungeon (3/27)

Altars:

Annotations
D:3 Sigmund


Innate Abilities, Weirdness & Mutations

You recuperate from illness quickly.
You are small and have problems with some larger weapons.
You are carnivorous and can eat meat at any time.
You can eat rotten meat.


Message History

Found a ring mail.
You see here a scroll labeled OREOXT UX OBLE.
As you open the door, it creaks loudly!
Something tries to affect you, but you resist.
There is an open door here.
Found a scroll labeled SCHEFI GROCOREE.
Sigmund screams, "Don't try to resist!"
Sigmund gestures at you while chanting. The puff of flame hits you!
Sigmund points at you and mumbles some strange words.
You are confused.
You're too confused!
Sigmund points at you and mumbles some strange words.
The puff of flame hits you!
* * * LOW HITPOINT WARNING * * *
Ouch! Sigmund gestures at you while chanting. The puff of flame hits you!
One of your 2 scrolls labeled NUAGHA PAKAQA catches fire!
You die...

........(.......@.....#.........#
#....)..#######......##########.#
######### #......# ###.# #......#
#.... #......###### #....
#...........# #.... ##.##.......#
#.... #.##.......###....
...#####@##...........###
............>............
...#####.#######......### #.#
#......... #.# #####..... #.#
#..... #.# #...%. #.# #..... #.#
####.)


You could see Sigmund.

Vanquished Creatures
  An orc priest (D:3)
  2 adders
  A worm (D:2)
  2 giant geckos
  4 oozes
  4 orcs (D:3)
  3 hobgoblins
  2 ball pythons
  5 bats
  4 giant cockroaches
  2 giant newts
  10 goblins
  3 jackals (D:3)
  3 kobolds
  7 rats
53 creatures vanquished.

Vanquished Creatures (others)
  A hobgoblin (D:1)
1 creature vanquished.

Grand Total: 54 creatures vanquished

Notes
Turn   | Place    | Note
--------------------------------------------------------------
     0 | D:1      | DaftWullie, the Kobold Berserker, began the quest for the Orb.
     0 | D:1      | Reached XP level 1. HP: 14/14 MP: 0/0
   279 | D:1      | Reached XP level 2. HP: 17/19 MP: 1/1
   705 | D:2      | Reached XP level 3. HP: 22/24 MP: 2/2
  1166 | D:2      | Reached skill level 5 in Short Blades
  1254 | D:2      | Acquired Trog's second power
  1256 | D:2      | Reached XP level 4. HP: 15/28 MP: 3/3
  1703 | D:3      | Reached XP level 5. HP: 29/33 MP: 4/4
  1810 | D:3      | Noticed Sigmund
  1850 | D:3      | Killed from afar by Sigmund

Action                   |  1- 3 |  4- 6 || total
-------------------------+-------+-------++-------
Melee: Short sword       |    28 |       ||    28
       Dagger            |    80 |    82 ||   162
Throw: Dagger            |     9 |     5 ||    14
       Dart              |    15 |     9 ||    24
Invok: Berserk           |     3 |     1 ||     4
